 Dungeon Crawl Stone Soup version 0.18-a0-1435-gee79d65 (webtiles) character file.

172 Duffy the Digger (level 5, 35/35 HPs)
             Began as a Demonspawn Earth Elementalist on Feb 29, 2016.
             Quit the game on level 4 of the Dungeon.
             The game lasted 00:04:46 (4526 turns).

Duffy the Digger (Demonspawn Earth Elementalist)    Turns: 4526, Time: 00:04:46

Health: 35/35      AC: 10    Str: 12    XL:     5   Next: 27%
Magic:  8/8        EV: 14    Int: 17    God:
Gold:   235        SH:  0    Dex: 14    Spells: 2 memorised, 4 levels left

rFire  . . .     SeeInvis .     u - +0 mace (protect)
rCold  . . .     Gourm    .     a - +0 robe
rNeg   . . .     Faith    .     (no shield)
rPois  .         Spirit   .     (helmet restricted)
rElec  .         Dismiss  .     t - +1 cloak
rCorr  .         Reflect  .     (no gloves)
SustAt .         Harm     .     s - +0 pair of boots
MR     .....                    (no amulet)
Stlth  ++........               (no ring)
                                h - +4 ring of strength

@: not resistant to hostile enchantments, unstealthy
A: antennae 1, repulsion field 1, rot immunity
a: no special abilities


You were on level 4 of the Dungeon.
You were not hungry.

You visited 1 branch of the dungeon, and saw 4 of its levels.

You collected 235 gold pieces.


Innate Abilities, Weirdness & Mutations

You have a pair of small antennae on your head.
You are surrounded by a mild repulsion field (EV +2).
You are immune to rotting.


   Skills:
 - Level 1.7 Dodging
 - Level 1.7 Stealth
 - Level 2.0 Spellcasting
   Level 0.8 Transmutations
 + Level 5.5 Earth Magic


You had 4 spell levels left.
You knew the following spells:

 Your Spells              Type           Power        Failure   Level  Hunger
a - Sandblast             Erth           ###...       1%          1    #......
c - Stone Arrow           Conj/Erth      ##....       21%         3    ###....

Inventory:

Hand Weapons
 u - a +0 mace of protection (weapon)
 A - a +0 blowgun
Missiles
 b - 50 stones (quivered)
 y - 8 javelins
 C - 6 poisoned needles
Armour
 a - a +0 robe (worn)
 s - a +0 pair of boots (worn)
 t - a +1 cloak (worn)
Jewellery
 h - a +4 ring of strength (left hand)
Scrolls
 e - a scroll of magic mapping {unknown}
 g - a scroll of immolation {unknown}
 j - 4 scrolls of enchant weapon {unknown}
 k - 2 scrolls of remove curse {unknown}
 o - a scroll of enchant armour {unknown}
 r - 2 scrolls of identify {unknown}
 x - a scroll of blinking {unknown}
 z - a scroll of teleportation {unknown}
 B - a scroll of random uselessness {unknown}
Potions
 f - a potion of brilliance {unknown}
 i - 2 potions of degeneration {unknown}
 l - 3 potions of curing {unknown}
 m - 3 potions of might {unknown}
 p - a potion of berserk rage {unknown}
 q - a potion of cancellation {unknown}
 v - a potion of flight {unknown}
Books
 c - a book of Geomancy
Comestibles
 d - 2 bread rations
 n - 4 royal jellies
 w - 5 fruits

Dungeon Overview and Level Annotations

Branches:
Dungeon (4/15)
 Temple: D:4-7

Altars:

Annotations:
D:2 Terence


Message History

The giant gecko is moderately wounded.
The giant gecko bites you but does no damage.
You hit the giant gecko.
The giant gecko is heavily wounded.
The giant gecko barely misses you.
The giant gecko bites you but does no damage.
You barely miss the giant gecko.
The giant gecko is heavily wounded.
The giant gecko barely misses you.
The giant gecko bites you but does no damage.
You hit the giant gecko.
The giant gecko is severely wounded.
The giant gecko closely misses you.
You miss the giant gecko.
The giant gecko is severely wounded.
The giant gecko bites you. The giant gecko closely misses you.
You barely miss the giant gecko.
The giant gecko is severely wounded.
The giant gecko bites you. The giant gecko barely misses you.
You hit the giant gecko.
You kill the giant gecko!
No target in view!
No target in view!
No target in view!
No target in view!
No target in view!
No target in view!
No target in view!
No target in view!
HP restored.
n - 2 royal jellies (gained 1)
n - 3 royal jellies (gained 1)
n - 4 royal jellies (gained 1)
A giant cockroach comes into view.
Are you sure you want to abandon this character and quit the game? (Confirm with "yes".)

#.#.####.#...#
#.###.#.# #.#...#
#.#.....# #.#...#
#.#.#.######.###.#
#.#.#........# .#
#.#.########## #
#.#.# ##.#.#
#..@.#
#..........s..
#.##....######
##.#.# #....
...... ###.###


You could see a giant cockroach.

Action                   |  1- 3 |  4- 6 || total
-------------------------+-------+-------++-------
Melee: Dagger            |   166 |    40 ||   206
       Mace              |       |    44 ||    44
 Cast: Sandblast         |    21 |    27 ||    48
 Stab: Sleeping          |     5 |     6 ||    11
  Eat: Chunk             |     5 |     7 ||    12

Notes
Turn   | Place    | Note
--------------------------------------------------------------
     0 | D:1      | Duffy the Demonspawn Earth Elementalist began the quest for the Orb.
     0 | D:1      | Reached XP level 1. HP: 13/13 MP: 3/3
   121 | D:1      | Reached skill level 3 in Earth Magic
   186 | D:1      | Gained mutation: You are surrounded by a mild repulsion field (EV +2). [demonic ancestry]
   186 | D:1      | Reached XP level 2. HP: 8/19 MP: 0/5
   998 | D:1      | Reached XP level 3. HP: 8/24 MP: 3/6
  1695 | D:1      | Reached skill level 4 in Earth Magic
  1733 | D:1      | Learned a level 3 spell: Stone Arrow
  2469 | D:2      | Gained mutation: You have a pair of small antennae on your head. [demonic ancestry]
  2469 | D:2      | Reached XP level 4. HP: 30/30 MP: 7/7
  2690 | D:2      | Noticed Terence
  3603 | D:2      | Reached skill level 5 in Earth Magic
  3701 | D:3      | Gained mutation: You are immune to rotting. [demonic ancestry]
  3701 | D:3      | Reached XP level 5. HP: 35/35 MP: 8/8
  3771 | D:3      | Noticed Amnesiac's ghost (weakling OpTm)
  3783 | D:3      | Killed Amnesiac's ghost
  4526 | D:4      | Quit the game

Vault maps used:
D:1:      scummos_arrival_gate
D:2:      first_bread, corexii_shack, uniq_terence
D:4:      lightli_temple_of_fire, uniq_crazy_yiuf_cottage

Vanquished Creatures
  An orc wizard
  The ghost of Amnesiac the Insei, a weakling OpTm
  5 adders
  2 oozes
  An adder skeleton
  2 dart slugs
  4 giant geckos
  4 orcs
  A ball python
  4 giant cockroaches
  5 goblins
  5 hobgoblins
  11 kobolds
  10 bats
  5 giant newts
  10 rats
71 creatures vanquished.
